 Dungeon Crawl Stone Soup version 0.20-a0-893-g832831a (webtiles) character file.

315 Atlas the Shield-Bearer (level 6, -4/47 HPs)
             Began as a Demonspawn Fighter on Mar 16, 2017.
             Was an Initiate of Okawaru (penitent).
             Killed from afar by an orc wizard (8 damage)
             ... with a magic dart
             ... on level 4 of the Dungeon.
             The game lasted 00:06:30 (2750 turns).

Atlas the Shield-Bearer (Demonspawn Fighter)        Turns: 2750, Time: 00:06:31

Health: -4/47      AC:  0    Str: 18    XL:     6   Next: 20%
Magic:  6/6        EV:  9    Int:  9    God:    Okawaru [*]
Gold:   132        SH: 13    Dex: 13    Spells: 5/5 levels left

rFire    . . .     SeeInvis .   (no weapon)
rCold    . . .     Gourm    .   (no armour)
rNeg     . . .     Faith    .   c - +0 shield
rPois    .         Spirit   .   (helmet restricted)
rElec    .         Reflect  .   (no cloak)
rCorr    .         Harm     .   (no gloves)
MR       .....                  (no boots)
Stlth    +++.......             (no amulet)
Regen    0.2/turn               n - ring of wizardry
MPRegen  0.1/turn               j - ring of stealth

@: no status effects
A: antennae 1, large bone plates 1, demonic guardian 1, nightstalker 1
a: Renounce Religion


You were on level 4 of the Dungeon.
You worshipped Okawaru.
Okawaru was demanding penance.
You were not hungry.

You visited 1 branch of the dungeon, and saw 4 of its levels.

You collected 132 gold pieces.

Inventory:

Hand Weapons
 a - a +0 long sword
 r - a +2 vampiric falchion
Armour
 c - a +0 shield (worn)
 m - a +0 chain mail
Jewellery
 j - a ring of stealth (left hand)
 l - a +4 ring of protection {unknown}
 n - a ring of wizardry (right hand)
 q - a +5 ring of dexterity {unknown}
Scrolls
 i - a scroll of magic mapping
 o - a scroll of recharging {unknown}
Potions
 b - a potion of mutation {unknown}
 e - 4 potions of curing
 g - a potion of brilliance {unknown}
 h - 2 potions of flight {unknown}
 p - a potion of resistance {unknown}
Comestibles
 f - a bread ration
 k - a royal jelly


   Skills:
 + Level 3.5 Fighting
 + Level 3.6 Long Blades
 + Level 4.0 Armour
 + Level 4.2 Shields


You had 5 spell levels left.
You didn't know any spells.

Dungeon Overview and Level Annotations

Branches:
Dungeon (4/15)
 Temple: D:4-7

Altars:
Cheibriados
Okawaru
Qazlal
Xom
Zin


Innate Abilities, Weirdness & Mutations

You have a pair of small antennae on your head.
You are partially covered in large bone plates. (SH +4)
A weak demonic guardian rushes to your aid.
You are slightly more attuned to the shadows.


Message History

Your ufetubus disappears in a puff of smoke!
The orc priest mumbles some strange prayers to Beogh against you.
You are now empty-handed.
You hear some strange, mumbled words.
Something tries to affect you, but you resist.
Something hits you. Something hits you.
* * * LOW HITPOINT WARNING * * *
You hear some strange, mumbled words.
A puff of flame appears from out of thin air!
The puff of flame misses you. Something hits you.
* * * LOW HITPOINT WARNING * * *
Something hits you.
* * * LOW HITPOINT WARNING * * *
The orc priest mumbles some strange prayers to Beogh against you.
You hear some strange, mumbled words.
A magic dart appears from out of thin air!
The magic dart hits you!
You die...

o.. #'# #.#
################.#
...............#.# #
##############.#.##.#
#......oo{..#
#.####.#{#### #.#@#
#.#.# #.#.# #.#.#
#.#.# #.#.# #.# #.#
#..


You could see an orc priest and an orc.

Vanquished Creatures
  A hound (D:4)
  2 orc wizards (D:4)
  2 adders
  2 worms
  A dart slug (D:2)
  3 orcs
  A ball python (D:2)
  2 giant cockroaches
  13 goblins
  8 hobgoblins
  2 quokkas
  6 bats
  5 frilled lizards
  9 kobolds
  4 rats
61 creatures vanquished.

Vanquished Creatures (collateral kills)
  Edmund (D:4)
  A centaur (D:4)
  An orc wizard (D:4)
  3 orcs (D:4)
6 creatures vanquished.

Grand Total: 67 creatures vanquished

Notes
Turn   | Place    | Note
-------+----------+-------------------------------------------
     0 | D:1      | Atlas the Demonspawn Fighter began the quest for the Orb.
     0 | D:1      | Reached XP level 1. HP: 18/18 MP: 1/1
   187 | D:1      | Gained mutation: You are partially covered in large bone plates. (SH +4) [demonic ancestry]
   187 | D:1      | Reached XP level 2. HP: 24/24 MP: 2/2
   738 | D:2      | Gained mutation: A weak demonic guardian rushes to your aid. [demonic ancestry]
   738 | D:2      | Reached XP level 3. HP: 29/29 MP: 3/3
  1122 | D:2      | Found a snail-covered altar of Cheibriados.
  1471 | D:3      | Found a glowing silver altar of Zin.
  1472 | D:3      | Found an iron altar of Okawaru.
  1494 | D:3      | Became a worshipper of Warmaster Okawaru
  1539 | D:3      | Gained mutation: You are slightly more attuned to the shadows. [demonic ancestry]
  1539 | D:3      | Reached XP level 4. HP: 30/35 MP: 4/4
  1894 | D:3      | Found a stormy altar of Qazlal.
  1896 | D:3      | Found a shimmering altar of Xom.
  2223 | D:4      | Noticed Edmund
  2246 | D:4      | Killed Edmund
  2246 | D:4      | Reached XP level 5. HP: 18/41 MP: 5/5
  2446 | D:4      | Was placed under penance by Okawaru
  2566 | D:4      | Noticed a centaur
  2575 | D:4      | Killed a centaur
  2575 | D:4      | Gained mutation: You have a pair of small antennae on your head. [demonic ancestry]
  2575 | D:4      | Reached XP level 6. HP: 28/47 MP: 6/6
  2750 | D:4      | Killed from afar by an orc wizard

Vault maps used:
D:1:      minmay_arrival_floating_metal
D:2:      kennysheep_slug_shrine
D:3:      chequers_temple_overflow_statue_of_worship, grunt_temple_overflow_open
D:4:      minmay_temple_entry_water_ring, uniq_edmund

Skill      XL: |  1  2  3  4  5  6 |
---------------+-------------------+-----
Armour         | 3 4 |  4.0
Long Blades    | 2 3 |  3.6
Shields        | 3 4 |  4.2
Fighting       | |  3.5

Action                   |  1- 3 |  4- 6 || total
-------------------------+-------+-------++-------
Melee: Long sword        |   173 |    95 ||   268
  Use: Scroll            |       |     4 ||     4
       Potion            |       |     3 ||     3
 Stab: Distracted        |       |     1 ||     1
  Eat: Chunk             |     2 |     3 ||     5
       Royal jelly       |       |     1 ||     1
Armor: Scale mail        |    38 |       ||    38
       Chain mail        |    37 |    58 ||    95
Dodge: Dodged            |    33 |    20 ||    53
Block: Shield            |   126 |    87 ||   213
       Rpst.: Long sword |     5 |     6 ||    11
